 Dungeon Crawl Stone Soup version 0.26-a0-466-g989023bd0d (webtiles) character file.

Game seed: 9499243068643042377

391 Lanoc the Sneak (level 7, -1/41 HPs)
             Began as a Kobold Brigand on Aug 2, 2020.
             Killed by nerve-wracking pain
             ... invoked by Grinder
              (8 damage)
             ... in a sewer.
             The game lasted 00:06:41 (3336 turns).

Lanoc the Sneak (Kobold Brigand)                    Turns: 3336, Time: 00:06:42

Health: -1/41      AC:  3    Str: 15      XL:     7   Next: 8%
Magic:  7/7        EV: 16    Int: 12      God:
Gold:   88         SH:  0    Dex: 17 (18) Spells: 6/6 levels left

rFire    . . .     SeeInvis .   l - +0 short sword (freeze)
rCold    . . .     Faith    .   (shield restricted)
rNeg     . . .     Spirit   .   b - +0 robe
rPois    .         Reflect  .   (helmet restricted)
rElec    .         Harm     .   c - +0 cloak
rCorr    .                      (no gloves)
MR       .....                  (no boots)
Stlth    +++++.....             (no amulet)
HPRegen  0.13/turn              g - +6 ring of strength
MPRegen  0.10/turn              (no ring)

@: no status effects
A: small, antennae 1, nightstalker 3, evolution 1
a: no special abilities


You were in a sewer.
You visited 1 branch of the dungeon, and saw 3 of its levels.
You also visited: Sewer.

You collected 88 gold pieces.

Inventory:

Hand Weapons
 a - a +2 dagger
 l - a +0 short sword of freezing (weapon)
Missiles
 e - 3 curare-tipped darts (quivered)
Armour
 b - a +0 robe (worn)
 c - a +0 cloak (worn)
Jewellery
 g - a +6 ring of strength (left hand)
Scrolls
 h - a scroll of fear {unknown}
 j - a scroll of fog {unknown}
 m - a scroll of teleportation


   Skills:
 + Level 3.5 Fighting
 * Level 5.8 Short Blades
 - Level 2.1 Throwing
 + Level 3.3 Dodging
 * Level 7.8 Stealth


You had 6 spell levels left.
You didn't know any spells.
Your spell library was empty.

Dungeon Overview and Level Annotations

Branches:
Dungeon (3/15)              Sewer (1/1)

Altars:
Kikubaaqudgha
Makhleb

Annotations:
Sewer Grinder


Innate Abilities, Weirdness & Mutations

You are small and have problems with some larger weapons.
You are completely attuned to the shadows.
You have a pair of small antennae on your head.
You evolve.


Message History

* * * LOW HITPOINT WARNING * * *
You writhe in agony.
* * * LOW HITPOINT WARNING * * *
Throwing (i - inventory)
e - 5 curare-tipped darts (quivered)
Press: ? - help, Shift-Dir - straight line, f/p - Grinder
Aim: Grinder (moderately wounded, poisoned)
You throw a curare-tipped dart.
The curare-tipped dart barely misses Grinder.
The curare-tipped dart hits the kobold.
The kobold looks even sicker.
The kobold convulses.
You kill the kobold!
Grinder misses you.
Throwing (i - inventory)
e - 4 curare-tipped darts (quivered)
Press: ? - help, Shift-Dir - straight line, f/p - Grinder
Aim: Grinder (moderately wounded, poisoned)
You throw a curare-tipped dart. The curare-tipped dart hits Grinder.
Grinder is moderately wounded.
Grinder gestures at you. Pain shoots through your body!
You die...

..#..)#)≈.÷...........
.§s'.K.≈≈≈≈...((.......
...#KK.#≈≈.....(.......
..###(####.###≈##≈##≈##
.. #≈≈(#...≈≈≈≈≈≈≈≈≈≈≈≈
#≈≈/#..≈≈≈≈≈≈≈≈≈≈≈≈≈
#≈≈(#.≈≈≈≈≈≈≈≈≈≈≈≈≈≈
#≈)5#..≈≈≈≈≈ ≈≈
#≈(@#..≈≈≈≈≈
#≈≈(((≈≈≈≈≈ ###########


You could see Grinder (poisoned).

Vanquished Creatures
  A big kobold (Sewer)
  2 quasits (Sewer)
  2 hounds
  2 big kobold zombies (Sewer)
  4 adders
  2 ufetubi (Sewer)
  An ooze (Sewer)
  A worm (D:2)
  7 leopard geckos
  2 orcs (D:3)
  A bat zombie (Sewer)
  9 giant cockroaches
  9 hobgoblins
  6 jackals (D:1)
  25 kobolds
  2 ball pythons
  9 bats
  3 frilled lizards (D:1)
  7 goblins
  A kobold zombie (Sewer)
  5 rats
101 creatures vanquished.

Vanquished Creatures (others)
  A big kobold zombie (Sewer)
  A kobold zombie (Sewer)
2 creatures vanquished.

Grand Total: 103 creatures vanquished

Notes
Turn   | Place    | Note
-------+----------+-------------------------------------------
     0 | D:1      | Lanoc the Kobold Brigand began the quest for the Orb.
     0 | D:1      | Reached XP level 1. HP: 12/12 MP: 1/1
    54 | D:1      | Reached XP level 2. HP: 6/17 MP: 2/2
   483 | D:1      | Reached XP level 3. HP: 19/22 MP: 3/3
   491 | D:1      | Reached skill level 6 in Stealth
  1796 | D:2      | Reached XP level 4. HP: 27/27 MP: 4/4
  1815 | D:2      | Found an ancient bone altar of Kikubaaqudgha.
  2015 | D:2      | Found a burning altar of Makhleb.
  2019 | D:2      | Reached XP level 5. HP: 32/32 MP: 5/5
  2487 | D:3      | Reached skill level 7 in Stealth
  2563 | D:3      | Found a glowing drain.
  2603 | Sewer    | Entered a sewer
  2642 | Sewer    | Reached XP level 6. HP: 29/37 MP: 6/6
  2760 | Sewer    | Reached skill level 5 in Short Blades
  3052 | Sewer    | HP: 1/37 [big kobold/stone (3)]
  3067 | Sewer    | Noticed Grinder
  3081 | Sewer    | Gained mutation: You have a pair of small antennae on your
                  | head. [potion of mutation]
  3081 | Sewer    | Gained mutation: You evolve. [potion of mutation]
  3128 | Sewer    | Paralysed by Grinder for 4 turns
  3245 | Sewer    | Reached XP level 7. HP: 35/41 MP: 7/7
  3336 | Sewer    | Killed from afar by Grinder

Illustrated notes

Levels and vault maps discovered:
D:1:      zaba_arrival_water, layout_basic
D:2:      layout_loops_ring, kiku_gazebo_garden_becter,
          nicolae_overflow_hidden_temple, makhleb_heckhound_becter
D:3:      layout_basic, nicolae_dithmenos_through_a_glass_darkly,
          lemuel_crystal_altar, marbit_many_paths, gup_sewer_entry_pipe
Sewer:    kennysheep_sewer_church

Skill      XL: |  1  2  3  4  5  6 |
---------------+-------------------+-----
Short Blades   | 3 4 5 |  5.8
Stealth        | 6 7 |  7.8
Dodging        | 2 3 |  3.3
Fighting       | 3 |  3.5
Throwing       | |  2.1

Action                   |  1- 3 |  4- 6 |  7- 9 || total
-------------------------+-------+-------+-------++-------
Melee: Dagger            |   130 |       |       ||   130
       Short sword       |    16 |   224 |     9 ||   249
Throw: Dart              |       |     4 |     7 ||    11
  Use: Potion            |       |     6 |       ||     6
       Scroll            |       |     1 |       ||     1
 Stab: Sleeping          |     9 |    21 |       ||    30
       Distracted        |     1 |     2 |       ||     3
Armor: Robe              |    38 |    49 |     2 ||    89
       Skin              |       |    85 |       ||    85
Dodge: Dodged            |   131 |   229 |     7 ||   367

Table legend: (Time is in decaauts)
 A = Elapsed time spent in this place.
 B = Non-inter-level travel time spent in this place.
 C = Inter-level travel time spent in this place.
 D = Time resting spent in this place.
 E = Time spent auto-exploring this place.
 F = Levels seen in this place.
 G = Mean time per level.
                   A        B        C        D        E       F      G
               +--------+--------+--------+--------+--------+-----+--------+
         Total |   3329 |   3254 |     75 |    113 |   2376 |   4 |  832.2 |
       Dungeon |   2624 |   2549 |     75 |      0 |   2059 |   3 |  874.7 |
         Sewer |    704 |    704 |      0 |    113 |    317 |   1 |  704.0 |
               +--------+--------+--------+--------+--------+-----+--------+

Top non-repeatable levels by time:
     D:1: 1729 daAuts
   Sewer: 704 daAuts
     D:2: 642 daAuts
     D:3: 252 daAuts
